 Dungeon Crawl Stone Soup version 0.30-a0-1114-gd936c97349 (webtiles) character file.

Game seed: 4360261345451215187

26330 senseless the Skirmisher (level 12, -3/75 HPs)
             Began as a Deep Elf Hunter on Apr 19, 2023.
             Was an Elder of Sif Muna.
             Slain by a spriggan rider
             ... wielding the +5 spear of Ynihekiq {freeze, *Noise Int+2 SInv}
              (8 damage)
             ... on level 2 of the Lair of Beasts on Apr 20, 2023.
             The game lasted 01:01:15 (13387 turns).

senseless the Skirmisher (Deep Elf Hunter)         Turns: 13387, Time: 01:01:16

Health: -3/75      AC: 15    Str:  8    XL:     12   Next: 97%
Magic:  30/30      EV: 28    Int: 16    God:    Sif Muna [****..]
Gold:   359        SH:  0    Dex: 24    Spells: 33/36 levels left

rFire   . . .      SeeInvis +    a - +3 arbalest
rCold   . . .      Faith    .    (shield currently unavailable)
rNeg    . . .      Spirit   .    H - +2 steam dragon scales
rPois   +          Reflect  .    (no helmet)
rElec   .          Rampage  .    Q - +2 cloak {rPois}
rCorr   .                        R - +1 pair of gloves of Nemelex Xobeh's Favour {Int-2 Dex+4}
Will    +....                    r - +2 pair of boots
Stlth   ++++++                   n - amulet of regeneration
HPRegen 1.12/turn                V - ring of see invisible
MPRegen 0.22/turn                x - +5 ring of evasion

@: no status effects
A: no striking features
a: Renounce Religion, Channel Magic, Forget Spell, Divine Exegesis


You were on level 2 of the Lair of Beasts.
You worshipped Sif Muna.
Sif Muna was greatly pleased with you.
You visited 3 branches of the dungeon, and saw 15 of its levels.

You collected 1151 gold pieces.
You spent 792 gold pieces at shops.

Inventory:

Hand Weapons
 a - a +3 arbalest (weapon)
 b - a +2 dagger of venom
 K - a +2 scimitar of flaming
Armour
 o - a +0 buckler
 r - a +2 pair of boots (worn)
 H - +2 steam dragon scales (worn)
 M - a +0 pair of gloves
 Q - a +2 cloak of poison resistance (worn)
 R - the +1 pair of gloves of Nemelex Xobeh's Favour (worn) {Int-2 Dex+4}
   (You bought it in a shop on level 9 of the Dungeon)

   Int:       It affects your intelligence (-2).
   Dex:       It affects your dexterity (+4).
Jewellery
 c - an amulet of reflection
 d - a ring of positive energy
 i - a ring of fire
 n - an amulet of regeneration (around neck)
 x - a +5 ring of evasion (right hand)
 E - a ring of flight
 F - a ring of fire
 U - a ring of protection from cold
 V - a ring of see invisible (left hand)
 Z - an amulet of faith
Wands
 v - a wand of mindburst (13)
 L - a wand of charming (5)
 N - a wand of flame (30)
 T - a wand of iceblast (7)
 X - a wand of polymorph (6)
Scrolls
 f - 9 scrolls of teleportation
 h - 3 scrolls of amnesia
 k - 5 scrolls of immolation
 l - 2 scrolls of poison
 u - 6 scrolls of blinking
 y - 4 scrolls of identify
 B - 2 scrolls of fear
 C - a scroll of silence
 G - 4 scrolls of magic mapping
 O - a scroll of fog
Potions
 e - a potion of berserk rage
 g - 3 potions of might
 j - a potion of invisibility
 m - 4 potions of brilliance
 p - 3 potions of ambrosia
 q - a potion of mutation
 s - 2 potions of lignification
 w - 2 potions of haste
 z - 2 potions of cancellation
 A - 2 potions of magic
 D - 3 potions of flight
 I - 2 potions of attraction
 J - 3 potions of resistance
 W - 3 potions of heal wounds
 Y - 3 potions of curing


   Skills:
 + Level 8.5 Fighting
 + Level 13.8 Ranged Weapons
 + Level 12.1 Dodging
 + Level 12.9 Stealth
 + Level 12.8 Spellcasting
 * Level 1.1 Ice Magic


You had 33 spell levels left.
You knew the following spells:

 Your Spells              Type           Power      Damage    Failure   Level
a - Ozocubu's Armour      Ice            14%        N/A       13%         3

Your spell library contained the following spells:

 Spells                   Type           Power      Damage    Failure   Level
 Beastly Appendage        Tmut           20%        N/A       7%          1
 Ensorcelled Hibernation  Hex/Ice        24%        N/A       9%          2
 Wereblood                Tmut           10%        N/A       11%         2
 Spider Form              Tmut/Pois      10%        N/A       21%         3
 Anguish                  Hex/Necr       5%         N/A       56%         4
 Metabolic Englaciation   Hex/Ice        6%         N/A       83%         5
 Simulacrum               Ice/Necr       6%         N/A       100%        6


Dungeon Overview and Level Annotations

Branches:
Dungeon (12/15)            Temple (1/1) D:5            Lair (2/5) D:10
    Orc (0/2) D:10
  Swamp: Lair:2-3    Shoals: Lair:2-3     Snake: Lair:2-3    Spider: Lair:2-3

Altars:
Ashenzari
Cheibriados
Dithmenos
Elyvilon
Fedhas
Gozag
Hepliaklqana
Kikubaaqudgha
Makhleb
Nemelex Xobeh
Okawaru
Qazlal
Ru
Sif Muna
Trog
Uskayaw
Vehumet
Wu Jian
Xom
Yredelemnul
Zin
The Shining One

Shops:
D:3 :   D:4 *   D:9 [   D:10 !!=   D:12 *

Annotations:
D:8 2 transporters, exclusion: oklob plant, Winter's ghost, novice MiFi


Message History

The wolf is lightly wounded.
Fire: a) +3 arbalest
Press: ? - help, Shift-Dir - straight line, f/p - wolf
Aim: a wolf (lightly wounded, 60% to hit)
You shoot a bolt. The bolt completely misses the wolf.
The wolf bites you but does no damage. The wolf closely misses you.
You shoot a bolt. The bolt hits the wolf!!
You kill the wolf!
Sif Muna accepts your kill.
Magic restored.
Your icy armour starts to melt.
Your icy armour evaporates.
HP restored.
You shoot a bolt. The spriggan rider shouts!
The bolt hits the spriggan rider!!
The spriggan rider is moderately wounded.
You shoot a bolt. The bolt misses the spriggan rider.
You shoot a bolt.
The bolt barely misses the spriggan rider.
The spriggan rider completely misses you.
You shoot a bolt.
The bolt barely misses the spriggan rider.
The spriggan rider closely misses you.
The spriggan rider hits you from afar with the +5 spear of Ynihekiq {freeze, *Noise Int+2 SInv}!
The spriggan rider freezes you.
You shoot a bolt. The bolt misses the spriggan rider.
The spriggan rider hits you from afar with the +5 spear of Ynihekiq {freeze, *Noise Int+2 SInv}!
The spriggan rider freezes you.
You shoot a bolt.
The bolt closely misses the spriggan rider.
The spriggan rider hits you from afar with the +5 spear of Ynihekiq {freeze, *Noise Int+2 SInv}!!
The spriggan rider freezes you.
You are too injured to fight recklessly!
You are too injured to fight recklessly!
There is a stone staircase leading up here.
The spriggan rider hits you with the +5 spear of Ynihekiq {freeze, *Noise Int+2 SInv}!!
* * * LOW HITPOINT WARNING * * *
The spriggan rider freezes you!
You die...

##..[...........##
#...............#
#..............## ###
##.............#
#.###.........##...# ###
####...........###...####.####
#P#.........P#.i.........#.#P####
#....#P##P#######i...........##.#
ih...###### ##@...............÷
ih.8## ##....>.........#..#
#'###)♣#### #..................÷
i♣.♣$.♣#..# ##...................
.♣...♣♣#..# #............).......
.!..♣♣##..####...................
..♣♣. #....# ##..................
... ♣♣#....###..........#P.#.P#..
♣♣♣ ##.....#.#.......#########..


You could see a spriggan rider.

Vanquished Creatures
  The ghost of Nodix the Zephyrmancer, a journeyman OpAE of Uskayaw (Lair:2)
  2 hydras
  Erica (D:8)
  A catoblepas (D:9)
  A centaur warrior (D:12)
  A two-headed ogre (D:9)
  3 boulder beetles
  Pikel (D:7)
  2 ugly things
  A deep elf pyromancer (D:11)
  A cyclops (D:11)
  2 manticores
  Maurice (D:9)
  A black mamba (Lair:1)
  3 gargoyles
  2 cane toads (Lair:1)
  An unseen horror (D:11)
  2 rime drakes
  The ghost of makewrite the Cudgeller, an amateur TrGl of Gozag (D:5)
  3 trolls
  2 hornets
  4 blink frogs (Lair:2)
  2 centaur simulacra
  A slime creature (D:11)
  A wyvern (D:11)
  2 wraiths
  3 shadows
  3 vampires
  12 yaks
  2 basilisks
  Grum (D:9)
  3 steam dragons (D:7)
  4 wargs (D:11)
  3 acid dragons
  5 water moccasins
  9 orc warriors
  4 ice beasts
  A sky beast (D:7)
  A black bear (D:5)
  An ogre (D:6)
  11 wolves
  8 centaurs
  2 phantoms
  Blork the orc (D:6)
  7 kobold brigands
  6 bullfrogs
  5 gnoll sergeants
  5 scorpions
  15 killer bees
  5 howler monkeys
  2 electric eels
  A water moccasin simulacrum (D:5)
  5 hounds
  7 orc priests
  3 iguanas
  11 orc wizards
  Terence (D:2)
  A bullfrog simulacrum (D:5)
  A scorpion simulacrum (D:5)
  31 gnolls
  6 adders
  3 white imps
  An ufetubus (D:5)
  2 worms
  2 dart slugs
  An adder simulacrum (D:5)
  29 orcs
  3 endoplasms
  2 giant cockroaches
  9 goblins
  9 hobgoblins
  9 jackals
  A quokka (D:1)
  2 ball pythons
  7 bats
  2 frilled lizards
  47 kobolds
  4 rats
362 creatures vanquished.

Vanquished Creatures (others)
  A tengu warrior (D:9)
  A kobold (D:9)
  6 fungi (Lair:2)
  11 plants
19 creatures vanquished.

Grand Total: 381 creatures vanquished

Notes
Turn   | Place    | Note
-------+----------+-------------------------------------------
     0 | D:1      | senseless the Deep Elf Hunter began the quest for the Orb.
     0 | D:1      | Reached XP level 1. HP: 12/12 MP: 3/3
   142 | D:1      | Reached XP level 2. HP: 17/17 MP: 5/5
   155 | D:1      | Reached skill level 1 in Spellcasting
   246 | D:1      | Reached XP level 3. HP: 18/21 MP: 5/7
  1043 | D:2      | Noticed Terence
  1057 | D:2      | Killed Terence
  1058 | D:2      | Reached XP level 4. HP: 26/26 MP: 7/9
  1471 | D:3      | Reached skill level 6 in Ranged Weapons
  1567 | D:3      | Reached XP level 5. HP: 30/31 MP: 10/10
  1758 | D:3      | Found a stormy altar of Qazlal.
  1860 | D:3      | Found Miull's Vocational Training.
  2474 | D:4      | Reached XP level 6. HP: 36/36 MP: 12/12
  2627 | D:4      | Found Rhaurrid's Retail Resort.
  3124 | D:4      | Reached XP level 7. HP: 41/41 MP: 14/14
  3201 | D:4      | Reached skill level 7 in Ranged Weapons
  3407 | D:5      | Entered Level 5 of the Dungeon
  3448 | D:5      | Reached skill level 5 in Dodging
  3596 | D:5      | Found a staircase to the Ecumenical Temple.
  3623 | Temple   | Entered the Ecumenical Temple
  3853 | Temple   | Became a worshipper of Sif Muna the Loreminder
  3931 | D:5      | Reached skill level 5 in Stealth
  3977 | D:5      | Reached skill level 5 in Spellcasting
  3989 | D:5      | Found a runed translucent gate.
  3989 | D:5      | Found a runed translucent gate.
  3989 | D:5      | Found a runed translucent gate.
  4030 | D:5      | Reached XP level 8. HP: 48/48 MP: 17/17
  4031 | D:5      | Noticed makewrite's ghost (amateur TrGl)
  4219 | D:5      | Found a burning altar of Makhleb.
  4222 | D:5      | Found a sacrificial altar of Ru.
  4226 | D:5      | Found an ancient bone altar of Kikubaaqudgha.
  4562 | D:6      | Reached skill level 8 in Ranged Weapons
  4574 | D:6      | Reached * piety under Sif Muna
  4576 | D:6      | Noticed Blork the orc
  4933 | D:6      | Killed Blork the orc
  4968 | D:6      | Reached XP level 9. HP: 40/52 MP: 19/21
  5339 | D:7      | Reached skill level 9 in Ranged Weapons
  5566 | D:7      | Reached skill level 5 in Fighting
  6130 | D:8      | Noticed Pikel
  6131 | D:8      | Noticed Erica
  6236 | D:8      | Reached ** piety under Sif Muna
  6356 | D:8      | Killed Erica
  6357 | D:8      | Reached skill level 10 in Ranged Weapons
  6357 | D:8      | Reached XP level 10. HP: 11/60 MP: 24/24
  6451 | D:8      | Found a transporter.
  6481 | D:7      | Killed Pikel
  6639 | D:8      | Found a transporter.
  6651 | D:8      | Noticed Winter's ghost (novice MiFi)
  6686 | D:8      | Found an iron altar of Okawaru.
  6748 | D:8      | Noticed an oklob plant
  7227 | D:9      | Found Jyirerun's Antique Armour Shoppe.
  7234 | D:9      | Bought an embroidered cloak for 195 gold pieces
  7234 | D:9      | Bought a pair of buzzing gloves for 247 gold pieces
  7234 | D:9      | Identified the +1 pair of gloves of Nemelex Xobeh's Favour
                  | {Int-2 Dex+4} (You bought it in a shop on level 9 of the
                  | Dungeon)
  7488 | D:9      | Noticed Maurice
  7505 | D:9      | Killed Maurice
  7608 | D:9      | Found a glowing silver altar of Zin.
  7658 | D:9      | Noticed Grum
  7662 | D:9      | Reached skill level 11 in Ranged Weapons
  7680 | D:9      | Killed Grum
  7714 | D:9      | Reached *** piety under Sif Muna
  7957 | D:9      | Noticed a tengu warrior
  7957 | D:9      | Noticed a catoblepas
  7977 | D:9      | Killed a tengu warrior
  7978 | D:9      | Reached skill level 10 in Stealth
  7978 | D:9      | Reached XP level 11. HP: 61/66 MP: 26/26
  7990 | D:9      | Killed a catoblepas
  7991 | D:9      | Reached skill level 10 in Spellcasting
  8026 | D:9      | Noticed a boulder beetle
  8026 | D:9      | Noticed a two-headed ogre
  8094 | D:9      | Killed a two-headed ogre
  8098 | D:9      | Killed a boulder beetle
  8213 | D:9      | Noticed a boulder beetle
  8231 | D:9      | Killed a boulder beetle
  8232 | D:9      | Reached skill level 10 in Dodging
  8340 | D:10     | Entered Level 10 of the Dungeon
  8400 | D:10     | Found Penu's Jewellery Emporium.
  8400 | D:10     | Found Xoehouvi's Distillery.
  8400 | D:10     | Found Uxzecw's Distillery.
  8436 | D:10     | Found a staircase to the Lair.
  8630 | D:10     | Reached skill level 12 in Ranged Weapons
  8721 | D:10     | Noticed a cyan ugly thing
  8728 | D:10     | Killed a cyan ugly thing
  8729 | D:10     | Noticed a seven-headed hydra
  8788 | D:10     | Reached **** piety under Sif Muna
  8831 | D:9      | Killed a four-headed hydra
  8931 | D:10     | Found a staircase to the Orcish Mines.
  9033 | D:10     | Noticed an eight-headed hydra
  9038 | D:10     | Killed an eight-headed hydra
  9046 | D:10     | Reached XP level 12. HP: 47/72 MP: 29/29
  9071 | D:10     | Bought 2 potions of heal wounds for 140 gold pieces
  9071 | D:10     | Bought a potion of heal wounds for 70 gold pieces
  9071 | D:10     | Bought a potion of resistance for 140 gold pieces
  9092 | D:10     | Found the +1 robe of Vines {NoPotionHeal Regen++++}
  9861 | D:11     | Upgraded the game from 0.30-a0-1112-gfb780f5df6 to
                  | 0.30-a0-1114-gd936c97349
 10173 | D:11     | Reached skill level 13 in Ranged Weapons
 10372 | D:12     | Noticed a boulder beetle
 10395 | D:11     | Killed a boulder beetle
 10704 | D:12     | Found Zin's Purification Station.
 10707 | D:12     | Found a glowing silver altar of Zin.
 10709 | D:12     | Noticed a centaur warrior
 10805 | D:12     | Killed a centaur warrior
 11199 | D:12     | Noticed an ice dragon
 11286 | Lair:1   | Entered Level 1 of the Lair of Beasts
 11767 | Lair:1   | Found a white marble altar of Elyvilon.
 12770 | Lair:2   | Found a runed translucent door.
 12774 | Lair:2   | Noticed Nodix's ghost (journeyman OpAE)
 12949 | Lair:2   | Identified the +5 spear of Ynihekiq {freeze, *Noise Int+2
                  | SInv}
 13101 | D:5      | Learned a level 3 spell: Ozocubu's Armour
 13123 | D:5      | Killed makewrite's ghost
 13293 | Lair:2   | HP: 1/75 [Nodix's ghost (13)]
 13295 | Lair:2   | Killed Nodix's ghost
 13296 | Lair:2   | Reached skill level 1 in Ice Magic
 13387 | Lair:2   | Slain by a spriggan rider

Illustrated notes

Levels and vault maps discovered:
D:1:      co_arrival_square_in_a_square_in_a_square, layout_rooms
D:2:      layout_loops_ring, hangedman_decor_clover_reticule, uniq_terence
D:3:      layout_loops_cross, mainiacjoe_overflow_small_starburst,
          nicolae_shop_vocational
D:4:      minmay_goblin_kobold_castle, layout_cave_pools, roderic_lattice_a,
          nicolae_alphabet_shops, minivault_23
D:5:      layout_basic, grunt_temple_overflow_diamond,
          minmay_temple_entry_wispy, gammafunk_ghost_icy, lightli_minifort
D:6:      layout_cave_pools, uniq_blork_the_orc
D:7:      layout_basic, nicolae_concentric_dashed_squares_mild
D:8:      layout_basic, overflow_temple_1_default, nzn_ghost_randoct,
          uniq_pikel, uniq_erica
D:9:      layout_basic, nicolae_overflow_crystal_walls, serial_shops, shop,
          minmay_shattered_shrine, uniq_grum, uniq_maurice
D:10:     cheibrodos_fzero, layout_loops_ring, lair_entry_dummy,
          nicolae_shop_distant_corner_stores, hellmonk_guarded_unrand_vines
D:11:     layout_loops_ring, chequers_avenue, nooodl_orcs_dogs
D:12:     nzn_winding_woodlands_small [nzn_winding_woodlands_5x15_parted,
          nzn_winding_woodlands_center_diamonds,
          nzn_winding_woodlands_5x15_eye], layout_basic, minivault_20,
          zin_purify
Temple:   regret_index_temple_sphere_string
Lair:1:   layout_regular_city, basic_altar, wad_woods_river_01,
          infiniplex_staircase_pool, lemuel_fruit_fields, lemuel_fruit_tree
Lair:2:   layout_cave_pods, ebering_ghost_funeral_grove

Skill      XL: |  1  2  3  4  5  6  7  8  9 10 11 12 |
---------------+-------------------------------------+-----
Spellcasting   | 1 2 3 5 6 8 9 11 12 | 12.8
Stealth        | 2 3 4 5 6 8 10 11 12 | 12.9
Dodging        | 3 4 5 6 8 9 10 12 | 12.1
Fighting       | 2 3 4 5 6 7 8 |  8.5
Ranged Weapons | 6 7 8 10 11 12 13 | 13.8
Ice Magic      | 1 |  1.1

Action                     |  1- 3 |  4- 6 |  7- 9 | 10-12 || total
---------------------------+-------+-------+-------+-------++-------
  Melee: Dagger            |     3 |       |    37 |   194 ||   234
         Shortbow          |       |       |     2 |       ||     2
         Scimitar          |       |       |       |     3 ||     3
         Arbalest          |       |       |       |    12 ||    12
         Punch             |       |       |       |     2 ||     2
   Fire: Shortbow          |    99 |   193 |   444 |   188 ||   924
         Arbalest          |       |       |       |   506 ||   506
   Cast: Ozocubu's Armour  |       |       |       |     1 ||     1
  Evoke: Wand              |       |       |     3 |       ||     3
    Use: Scroll            |     9 |     4 |    11 |    17 ||    41
         Potion            |       |     1 |     4 |     3 ||     8
   Stab: Sleeping          |       |       |     1 |       ||     1
         Distracted        |       |       |       |     1 ||     1
 Armour: Leather armour    |    10 |    21 |    43 |       ||    74
         Steam dragon scal |       |       |    15 |   159 ||   174
  Dodge: Dodged            |    30 |   109 |   340 |   802 ||  1281

Table legend: (Time is in decaauts)
 A = Elapsed time spent in this place.
 B = Non-inter-level travel time spent in this place.
 C = Inter-level travel time spent in this place.
 D = Time resting spent in this place.
 E = Time spent auto-exploring this place.
 F = Levels seen in this place.
 G = Mean time per level.
                   A        B        C        D        E       F      G
               +--------+--------+--------+--------+--------+-----+--------+
         Total |  13698 |  12360 |   1338 |    488 |   8643 |  15 |  913.2 |
       Dungeon |  11540 |  10392 |   1148 |    486 |   6940 |  12 |  961.7 |
        Temple |    243 |    152 |     91 |      0 |    138 |   1 |  243.0 |
          Lair |   1913 |   1814 |     99 |      2 |   1564 |   2 |  956.5 |
               +--------+--------+--------+--------+--------+-----+--------+

Top non-repeatable levels by time:
     D:9: 1502 daAuts
     D:4: 1257 daAuts
    D:11: 1180 daAuts
     D:5: 1058 daAuts
  Lair:2: 1019 daAuts
     D:7: 1013 daAuts
    D:10: 994 daAuts
     D:8: 905 daAuts
  Lair:1: 894 daAuts
     D:3: 867 daAuts
     D:2: 835 daAuts
    D:12: 679 daAuts
     D:6: 665 daAuts
     D:1: 581 daAuts
  Temple: 243 daAuts
